Map: [ESL] Goldenaura

Players

ByuN - Winner!

  • Race: Terran Terran
  • Spawn Location: 12:00

Stats

  • Race: Protoss Protoss
  • Spawn Location: 5:00

Event: ESL Spring 2024 Finals

VOD

Have the link to the VOD?

Description

Time

  • Played on: June 1, 2024, 1:07 p.m.
  • Length: 12:15

All games in this series

Show
View Real Time Build Order
Export as new Build Order

ByuN Terran - Winner!

Build Orders:  

Get SALT Encoding   

  12  0:00  SCV  
  13  0:12  SCV  
  14  0:17  Supply Depot  
  14  0:24  SCV  
  15  0:38  SCV  
  15  0:39  Barracks  
  16  0:43  Refinery  
  16  0:51  SCV  
  17  1:03  SCV  
  18  1:15  SCV  
  19  1:27  Orbital Command, Marine  
  20  1:39  Command Center  
  20  1:45  Barracks Reactor  
  20  1:49  Supply Depot  
  21  1:54  SCV  
  21  2:02  Barracks  
  21  2:06  SCV  
  22  2:14  Barracks  
  22  2:18  SCV  
  22  2:21  Marine x2  
  25  2:30  SCV  
  26  2:39  Marine x2  
  26  2:42  SCV  
  29  2:50  Barracks Tech Lab  
  29  2:52  Orbital Command  
  29  2:54  SCV  
  29  2:56  Marine  
  29  2:57  Marine  
  32  3:01  Barracks Tech Lab  
  32  3:06  Supply Depot, SCV  
  32  3:09  Marine  
  32  3:10  Stimpack  
  34  3:14  Marine x2  
  34  3:18  SCV x2  
  38  3:20  Marine  
  38  3:24  Combat Shield  
  39  3:27  Marine  
  39  3:30  SCV  
  39  3:32  Marine x2  
  43  3:36  Supply Depot  
  43  3:38  SCV, Marine  
  45  3:42  SCV  
  46  3:50  SCV  
  46  3:54  SCV  
  50  3:58  Refinery  
  50  4:02  SCV  
  49  4:03  Factory  
  49  4:06  SCV  
  50  4:13  Command Center  
  50  4:14  SCV  
  51  4:18  SCV  
  51  4:19  Refinery, Engineering Bay  
  52  4:26  SCV  
  52  4:28  Supply Depot  
  52  4:29  Marauder  
  52  4:30  SCV, Marine x2, Marauder  
  60  4:39  SCV  
  60  4:42  SCV  
  60  4:44  Terran Infantry Weapons Level 1  
  62  4:50  Supply Depot, Marine  
  62  4:51  SCV  
  65  4:53  Starport  
  65  4:55  SCV  
  65  4:59  Refinery  
  66  5:00  Factory Reactor  
  66  5:03  SCV  
  66  5:04  Marauder  
  66  5:07  SCV  
  70  5:09  Supply Depot  
  70  5:11  Marauder  
  70  5:12  Marine x2  
  73  5:15  SCV  
  73  5:19  SCV  
  75  5:22  Barracks  
  75  5:24  Barracks  
  75  5:27  SCV  
  75  5:28  Orbital Command  
  76  5:32  Marauder  
  76  5:34  Marauder  
  76  5:35  Concussive Shells  
  80  5:40  SCV x2  
  82  5:44  Factory Reactor, Medivac x2  
  82  5:46  Marine  
  82  5:47  Marine  
  88  5:51  Supply Depot  
  88  5:52  SCV x2  
  88  5:55  SCV  
  91  5:59  Marauder  
  91  6:01  Marauder  
  91  6:04  SCV, Marine  
  95  6:05  Marine  
  95  6:06  SCV  
  95  6:07  SCV  
  95  6:10  Supply Depot  
  100  6:11  Barracks Reactor  
  100  6:12  Barracks Tech Lab  
  100  6:16  SCV, Medivac x2  
  105  6:18  SCV  
  105  6:19  SCV  
  105  6:21  Supply Depot  
  109  6:25  Marauder  
  109  6:31  Marine x2  
  109  6:32  SCV, Marauder x2  
  116  6:34  Supply Depot  
  116  6:36  Supply Depot  
  116  6:38  SCV  
  117  6:43  SCV  
  117  6:44  SCV  
  119  6:47  Marauder  
  119  6:50  SCV  
  119  6:53  Marauder x2  
  123  6:55  SCV  
  123  6:56  SCV  
  123  6:57  Supply Depot  
  123  6:59  Supply Depot  
  120  7:02  SCV, Refinery, Terran Infantry Armor Level 1  
  120  7:03  Refinery  
  120  7:07  SCV, Armory  
  124  7:08  Marauder  
  124  7:10  Engineering Bay  
  124  7:15  Marauder x2  
  128  7:16  SCV  
  128  7:18  Marine x4  
  128  7:20  Viking  
  128  7:22  Viking  
  137  7:27  SCV x2  
  137  7:28  SCV  
  137  7:29  Marauder  
  142  7:36  Marauder  
  142  7:39  Supply Depot  
  141  7:49  Ghost Academy  
  141  7:50  Viking  
  141  7:52  Marauder, Viking  
  141  7:53  Marauder  
  141  7:54  Marine x3  
  141  7:57  Supply Depot, Terran Ship Weapons Level 1, Terran Infantry Weapons Level 2  
  141  7:58  Marauder  
  152  8:07  Command Center  
  152  8:17  Marine x4  
  152  8:18  Ghost x2  
  152  8:19  Ghost  
  162  8:20  Viking  
  162  8:22  Viking  
  166  8:29  SCV x2  
  166  8:30  SCV  
  166  8:32  Supply Depot  
  169  8:37  Supply Depot x2  
  169  8:47  Ghost x2  
  169  8:48  Missile Turret  
  172  8:51  Supply Depot  
  172  8:53  Ghost, Viking x2  
  178  9:01  Starport  
  178  9:04  SCV x2  
  178  9:05  SCV, Factory Reactor  
  181  9:10  Terran Infantry Armor Level 2  
  181  9:12  Barracks  
  181  9:13  Barracks  
  181  9:16  SCV x2, Barracks  
  181  9:17  SCV  
  190  9:25  Ghost x2  
  190  9:29  Marine x4, Ghost  
  194  9:35  Refinery  
  194  9:37  Refinery  
  194  9:39  Planetary Fortress  
  194  9:44  Missile Turret  
  194  9:46  Missile Turret  
  193  9:54  Viking x2  
  193  9:57  Missile Turret  
  193  9:58  Marauder  
  199  10:00  Barracks Tech Lab, Barracks Reactor  
  199  10:03  Barracks Tech Lab  
  199  10:06  Command Center  
  199  10:11  Missile Turret  
  199  10:12  Missile Turret  
  197  10:31  Ghost  
  197  10:33  Ghost  
  187  10:39  Ghost  
  181  10:42  Medivac  
  181  10:43  Medivac  
  185  10:55  Ghost x2  
  188  11:02  Marauder  
  188  11:03  Marauder  
  191  11:05  Command Center  
  191  11:06  Command Center  
  191  11:09  Marauder  
  191  11:13  Marine  
  191  11:14  Marine x2  
  191  11:15  Marine  
  191  11:18  Marine  
  181  11:22  Marine  
  181  11:24  Marauder x3  
  181  11:25  Marauder  
  179  11:30  Marauder  
  179  11:31  Marine x2  
  179  11:32  Marine  
  181  11:35  Viking x2  
  181  11:37  Marine x2  
  177  11:40  Marine  
  177  11:45  Marine x2, Marauder  
  177  11:46  Marauder  
  166  11:49  Marine  
  166  11:52  Marine x2, Marauder  
  166  11:54  Marine x2  
Show
View Real Time Build Order
Export as new Build Order

Stats Protoss 

Build Orders: 1 Gate Expand, Phoenix Opening, Blink Stalkers, Colossus Rush 

Get SALT Encoding   

  12  0:00  Probe  
  13  0:12  Probe  
  14  0:17  Pylon  
  14  0:24  Probe  
  15  0:36  Gateway, Probe (Chrono Boost)  
  15  0:42  Assimilator  
  16  0:48  Probe (Chrono Boost)  
  17  0:54  Probe (Chrono Boost)  
  18  1:03  Probe  
  19  1:19  Nexus  
  19  1:29  Cybernetics Core  
  19  1:32  Probe  
  20  1:37  Assimilator  
  20  1:44  Probe  
  21  1:47  Pylon  
  21  1:56  Probe  
  22  2:02  Stalker (Chrono Boost)  
  22  2:05  Warp Gate  
  22  2:08  Probe  
  25  2:20  Probe (Chrono Boost)  
  26  2:25  Sentry  
  28  2:31  Probe (Chrono Boost)  
  28  2:32  Shield Battery, Probe (Chrono Boost)  
  30  2:38  Twilight Council  
  30  2:40  Probe (Chrono Boost)  
  30  2:42  Probe (Chrono Boost)  
  32  2:48  Probe  
  32  2:49  Probe  
  34  2:52  Stalker  
  34  2:55  Phoenix  
  36  3:00  Probe  
  36  3:01  Probe  
  36  3:04  Gateway  
  38  3:10  Shield Battery  
  38  3:12  Probe  
  39  3:14  Probe  
  40  3:23  Blink  
  40  3:24  Probe  
  40  3:26  Probe  
  42  3:36  Probe  
  42  3:38  Probe (Chrono Boost), Pylon  
  42  3:39  Robotics Facility  
  44  3:48  Probe (Chrono Boost)  
  44  3:50  Probe (Chrono Boost)  
  44  3:51  Assimilator x2  
  46  3:57  Gateway, Probe (Chrono Boost)  
  46  3:58  Probe (Chrono Boost)  
  46  4:00  Sentry  
  50  4:03  Probe (Chrono Boost)  
  50  4:04  Probe  
  50  4:07  Stalker  
  50  4:09  Pylon  
  54  4:13  Shield Battery  
  54  4:19  Pylon  
  54  4:25  Immortal (Chrono Boost)  
  54  4:31  Stalker  
  60  4:34  Stalker  
  60  4:37  Pylon  
  62  4:43  Probe x2  
  64  4:49  Robotics Bay  
  64  4:57  Observer  
  65  5:00  Pylon  
  65  5:04  Stalker, Sentry  
  65  5:05  Zealot  
  71  5:13  Nexus  
  71  5:14  Probe  
  71  5:15  Probe  
  71  5:17  Observer  
  71  5:19  Pylon  
  74  5:23  Shield Battery  
  74  5:27  Probe x2  
  76  5:34  Phoenix  
  76  5:39  Probe x2, Colossus (Chrono Boost)  
  78  5:44  Extended Thermal Lance  
  84  5:51  Probe x2  
  84  5:55  Forge  
  86  6:03  Probe x2  
  88  6:07  Gateway  
  88  6:09  Gateway  
  88  6:10  Gateway  
  88  6:12  Pylon  
  88  6:15  Probe x2  
  90  6:24  Protoss Ground Weapons Level 1, Colossus (Chrono Boost)  
  96  6:26  Probe  
  96  6:31  Stalker x2  
  101  6:36  Charge  
  101  6:39  Probe x2  
  103  6:41  Probe  
  104  6:51  Pylon  
  104  6:52  Stalker  
  104  6:53  Pylon  
  106  6:56  Pylon  
  106  6:59  Pylon  
  106  7:02  Assimilator  
  106  7:03  Assimilator  
  106  7:06  Probe x3  
  109  7:08  Templar Archives  
  109  7:12  Gateway  
  109  7:13  Gateway  
  108  7:17  Observer (Chrono Boost), Pylon  
  108  7:19  Probe x3  
  108  7:22  Zealot  
  114  7:26  Zealot x4  
  114  7:27  Observer (Chrono Boost)  
  123  7:31  Psionic Storm  
  121  7:37  Zealot  
  123  7:48  High Templar x2  
  127  7:52  Nexus  
  127  7:53  Pylon  
  127  7:56  Pylon  
  127  7:59  Photon Cannon  
  127  8:03  High Templar  
  127  8:04  High Templar  
  131  8:08  Probe x3  
  131  8:10  Assimilator  
  131  8:12  Shield Battery  
  134  8:13  Shield Battery  
  134  8:16  Photon Cannon  
  134  8:17  Assimilator  
  134  8:19  Shield Battery  
  134  8:22  Protoss Ground Weapons Level 2  
  134  8:24  Shield Battery  
  134  8:27  Zealot x4  
  140  8:37  Forge  
  140  8:38  Probe  
  140  8:39  Probe x2  
  141  8:49  Stargate  
  141  8:51  Protoss Air Weapons Level 1 (Chrono Boost)  
  141  8:56  Shield Battery, Photon Cannon  
  141  8:58  Photon Cannon  
  141  9:01  Probe x3  
  144  9:04  Protoss Ground Armor Level 1  
  144  9:05  High Templar x2  
  146  9:10  Probe  
  146  9:13  Probe x3  
  150  9:17  Gateway  
  150  9:18  Gateway  
  150  9:33  Fleet Beacon  
  150  9:34  Stargate  
  150  9:36  Stargate  
  150  9:40  Pylon  
  150  9:41  Pylon  
  150  10:07  Nexus, Pylon  
  150  10:12  Pylon  
  150  10:18  Carrier x2 (Chrono Boost)  
  150  10:19  Carrier (Chrono Boost), Pylon  
  173  10:24  Stalker x2  
  173  10:25  Stalker  
  179  10:31  Mothership  
  161  10:41  Zealot x2  
  161  10:42  Zealot x5  
  167  11:06  Stalker x3  
  167  11:07  Zealot x3  
  167  11:09  Archon  
  175  11:11  Zealot x3  
  175  11:13  Carrier (Chrono Boost)  
  175  11:16  Zealot  
  134  11:34  Stalker x6  
  134  11:35  High Templar  
  120  11:47  Stalker x3  
Tags
 
Add a new tag
Caveats
  • Supply blocks, unpowered buildings, or Contaminate may cause inaccurate times.
  • Supply counts are checked every 10 seconds.